| TOP OF THE 1ST |
|
Stockton Ports batting - Pitching for San Jose Bees : RHP Tim Crews
|
|
Pitching: RHP Tim Crews
|
|
|
Batting: SHB Mike Hennessy
|
0-0: Ball 1-0: Ball 2-0: Called Strike 2-1: Swinging Strike 2-2: Foul Ball, location: 2F 2-2: Foul Ball, location: 2F 2-2: Foul Ball, location: 2F 2-2: Foul Ball, location: 2F 2-2: Strikes out swinging
|
|
Batting: LHB Daniel Hoskins
|
0-0: Ground out 4-3 (Groundball, 4M, EV 110.6 MPH)
|
|
Batting: RHB Pasquale Raimondo
|
0-0: SINGLE (Flyball, 56D, EV 94.4 MPH)
|
|
Batting: SHB Tracy Edwards
|
0-0: Ball 1-0: Called Strike 1-1: Ball 2-1: 2-RUN HOME RUN (Flyball, 89XD, EV 97.5 MPH), Distance : 402 ft
|
|
Batting: RHB Johnny Salery
|
0-0: Foul Ball, location: 2F 0-1: Foul Ball, location: 2F 0-2: Ball 1-2: Strikes out swinging
|
| Top of the 1st over - 2 runs, 2 hits, 0 errors, 0 left on base; Stockton 2 - San Jose 0 |
| BOTTOM OF THE 1ST |
|
San Jose Bees batting - Pitching for Stockton Ports : RHP Greg Garcia
|
|
Pitching: RHP Greg Garcia
|
|
|
Batting: RHB Anthony Laurenzi
|
0-0: Ball 1-0: Called Strike 1-1: Called Strike 1-2: Foul Ball, location: 2F 1-2: Ball 2-2: Fly out, F8 (Flyball, 8LM, EV 83.8 MPH)
|
|
Batting: RHB Ron MacDonald
|
0-0: Ground out 6-3 (Groundball, 6S, EV 92.5 MPH)
|
|
Batting: LHB Stanley Davis
|
0-0: Ball 1-0: Ball 2-0: Ball 3-0: Base on Balls
|
|
Batting: RHB Ricky McMullen
|
0-0: Ball 1-0: Foul Ball, location: 2F 1-1: Swinging Strike 1-2: Hit by Pitch Stanley Davis to second
|
|
Batting: RHB Michael Parker
|
0-0: Ball Passed Ball! Stanley Davis to third Ricky McMullen to second 1-0: Called Strike 1-1: Ball 2-1: Foul Ball, location: 2F 2-2: Ball 3-2: Strikes out looking
|
| Bottom of the 1st over - 0 runs, 0 hits, 0 errors, 2 left on base; Stockton 2 - San Jose 0 |
| TOP OF THE 2ND |
|
Stockton Ports batting - Pitching for San Jose Bees : RHP Tim Crews
|
|
Batting: SHB Jose Mercado
|
0-0: Called Strike 0-1: SINGLE (Groundball, 4MD, EV 95.0 MPH)
|
|
Batting: LHB Randy Guerra
|
0-0: Foul Ball, location: 2F 0-1: Fly out, F8 (Line Drive, 8LM, EV 101.3 MPH)
|
|
Batting: RHB Timothy Presko
|
0-0: Ball 1-0: Fielders Choice at 2nd, 6-4 (Groundball, 56, EV 85.6 MPH)
|
|
Batting: RHB Steven Roeder
|
0-0: Called Strike Timothy Presko is caught stealing 2nd base 2-4
|
| Top of the 2nd over - 0 runs, 1 hit, 0 errors, 0 left on base; Stockton 2 - San Jose 0 |
| BOTTOM OF THE 2ND |
|
San Jose Bees batting - Pitching for Stockton Ports : RHP Greg Garcia
|
|
Batting: LHB Dale Weaver
|
0-0: Ball 1-0: Foul Ball, location: 2F 1-1: Foul Ball, location: 2F 1-2: Foul Ball, location: 2F 1-2: Fly out, F7 (Flyball, 7LS, EV 90.0 MPH)
|
|
Batting: RHB Timothy Wallace
|
0-0: Called Strike 0-1: Ball 1-1: Ball 2-1: Foul Ball, location: 2F 2-2: Hit by Pitch
|
|
Batting: RHB David Hoyt
|
0-0: Called Strike 0-1: Ball 1-1: Swinging Strike 1-2: Foul Ball, location: 2F 1-2: Ball 2-2: Foul Ball, location: 2F 2-2: Grounds into double play, 5-4-3 (Groundball, 56S, EV 82.5 MPH)
|
| Bottom of the 2nd over - 0 runs, 0 hits, 0 errors, 0 left on base; Stockton 2 - San Jose 0 |
| TOP OF THE 3RD |
|
Stockton Ports batting - Pitching for San Jose Bees : RHP Tim Crews
|
|
Batting: RHB Steven Roeder
|
0-0: Ground out 4-3 (Groundball, 4, EV 109.4 MPH)
|
|
Batting: SHB Mike Hennessy
|
0-0: Ball 1-0: Fly out, F7 (Flyball, 7S, EV 86.9 MPH)
|
|
Batting: LHB Daniel Hoskins
|
0-0: Ball 1-0: Foul Ball, location: 2F 1-1: Fly out, F9 (Flyball, 9D, EV 95.0 MPH)
|
| Top of the 3rd over - 0 runs, 0 hits, 0 errors, 0 left on base; Stockton 2 - San Jose 0 |
| BOTTOM OF THE 3RD |
|
San Jose Bees batting - Pitching for Stockton Ports : RHP Greg Garcia
|
|
Batting: RHB Bill Pinkham
|
0-0: Ball 1-0: Ball 2-0: Called Strike 2-1: Ground out 5-3 (Groundball, 56, EV 87.5 MPH)
|
|
Batting: RHB Anthony Laurenzi
|
0-0: Ball 1-0: Foul Ball, location: 2F 1-1: Foul Ball, location: 2F 1-2: Ball 2-2: Ground out 5-3 (Groundball, 56S, EV 91.9 MPH)
|
|
Batting: RHB Ron MacDonald
|
0-0: Ball 1-0: Ball 2-0: Ball 3-0: Called Strike 3-1: Fly out, F4 (Popup, 4S, EV 84.4 MPH)
|
| Bottom of the 3rd over - 0 runs, 0 hits, 0 errors, 0 left on base; Stockton 2 - San Jose 0 |
| TOP OF THE 4TH |
|
Stockton Ports batting - Pitching for San Jose Bees : RHP Tim Crews
|
|
Batting: RHB Pasquale Raimondo
|
0-0: Ball 1-0: Called Strike 1-1: SINGLE (Groundball, P, EV 82.5 MPH) (infield hit)
|
|
Batting: SHB Tracy Edwards
|
0-0: Ball 1-0: Ball 2-0: Ball 3-0: Base on Balls Pasquale Raimondo to second
|
|
Batting: RHB Johnny Salery
|
0-0: Called Strike 0-1: Called Strike 0-2: Strikes out swinging
|
|
Batting: SHB Jose Mercado
|
0-0: Called Strike 0-1: Called Strike 0-2: Ball 1-2: Ball 2-2: Foul Ball, location: 2F 2-2: Foul Ball, location: 2F 2-2: Foul Ball, location: 2F 2-2: Strikes out swinging
|
|
Batting: LHB Randy Guerra
|
0-0: Ball 1-0: Ball 2-0: Ball 3-0: Called Strike 3-1: Ground out 3-1 (Groundball, 34, EV 106.9 MPH)
|
| Top of the 4th over - 0 runs, 1 hit, 0 errors, 2 left on base; Stockton 2 - San Jose 0 |
| BOTTOM OF THE 4TH |
|
San Jose Bees batting - Pitching for Stockton Ports : RHP Greg Garcia
|
|
Batting: LHB Stanley Davis
|
0-0: Ball 1-0: Called Strike 1-1: Ball 2-1: Foul Ball, location: 2F 2-2: Foul Ball, location: 2F 2-2: Ground out 4-3 (Groundball, 4, EV 80.0 MPH)
|
|
Batting: RHB Ricky McMullen
|
0-0: Foul Ball, location: 2F 0-1: Ball 1-1: Foul Ball, location: 2F 1-2: Foul Ball, location: 2F 1-2: SINGLE (Flyball, 4MD, EV 83.8 MPH)
|
|
Batting: RHB Michael Parker
|
0-0: Called Strike 0-1: Foul Ball, location: 2F 0-2: Strikes out looking
|
|
Batting: LHB Dale Weaver
|
0-0: Ball 1-0: Ball 2-0: SINGLE (Groundball, 6D, EV 95.6 MPH) Ricky McMullen to second
|
|
Batting: RHB Timothy Wallace
|
0-0: Called Strike 0-1: Ball 1-1: Foul Ball, location: 2F 1-2: Ball 2-2: Fly out, F4 (Line Drive, 4, EV 66.9 MPH)
|
| Bottom of the 4th over - 0 runs, 2 hits, 0 errors, 2 left on base; Stockton 2 - San Jose 0 |
| TOP OF THE 5TH |
|
Stockton Ports batting - Pitching for San Jose Bees : RHP Tim Crews
|
|
Batting: RHB Timothy Presko
|
0-0: Ball 1-0: Ball 2-0: Foul Ball, location: 2F 2-1: Ball 3-1: Called Strike 3-2: Foul Ball, location: 2F 3-2: Ground out 6-3 (Groundball, 6, EV 86.9 MPH)
|
|
Batting: RHB Steven Roeder
|
0-0: Swinging Strike 0-1: Swinging Strike 0-2: Ball 1-2: Strikes out swinging
|
|
Batting: SHB Mike Hennessy
|
0-0: Ball 1-0: SINGLE (Groundball, 34D, EV 106.9 MPH)
|
|
Batting: LHB Daniel Hoskins
|
0-0: Fielders Choice at 2nd, U4 (Groundball, 4M, EV 78.1 MPH)
|
| Top of the 5th over - 0 runs, 1 hit, 0 errors, 1 left on base; Stockton 2 - San Jose 0 |
| BOTTOM OF THE 5TH |
|
San Jose Bees batting - Pitching for Stockton Ports : RHP Greg Garcia
|
|
Batting: RHB David Hoyt
|
0-0: Ball 1-0: Ground out 6-3 (Groundball, 6S, EV 88.8 MPH)
|
|
Batting: RHB Bill Pinkham
|
0-0: Ball 1-0: Swinging Strike 1-1: Foul Ball, location: 2F 1-2: Ground out 6-3 (Groundball, 56, EV 101.3 MPH)
|
|
Batting: RHB Anthony Laurenzi
|
0-0: Ball 1-0: Foul Ball, location: 2F 1-1: Ball 2-1: SINGLE (Groundball, 13S, EV 72.5 MPH) (infield hit)
|
|
Batting: RHB Ron MacDonald
|
0-0: Ball 1-0: SINGLE (Groundball, 4D, EV 103.8 MPH) Anthony Laurenzi to second Runner from 2nd tries for 3rd, SAFE, throw by CF made to third
|
|
Batting: LHB Stanley Davis
|
0-0: Swinging Strike 0-1: Ball 1-1: Fly out, F7 (Flyball, 7LD, EV 109.4 MPH)
|
| Bottom of the 5th over - 0 runs, 2 hits, 0 errors, 2 left on base; Stockton 2 - San Jose 0 |
| TOP OF THE 6TH |
|
Stockton Ports batting - Pitching for San Jose Bees : RHP Tim Crews
|
|
Batting: RHB Pasquale Raimondo
|
0-0: Ball 1-0: Ball 2-0: Foul Ball, location: 2F 2-1: Fly out, F8 (Flyball, 8LM, EV 91.3 MPH)
|
|
Batting: SHB Tracy Edwards
|
0-0: Ball 1-0: Foul Ball, location: 2F 1-1: Foul Ball, location: 2F 1-2: Ball 2-2: Fly out, F8 (Flyball, 8RS, EV 91.3 MPH)
|
|
Batting: RHB Johnny Salery
|
0-0: Called Strike 0-1: Ground out 6-3 (Groundball, 6M, EV 77.5 MPH)
|
| Top of the 6th over - 0 runs, 0 hits, 0 errors, 0 left on base; Stockton 2 - San Jose 0 |
| BOTTOM OF THE 6TH |
|
San Jose Bees batting - Pitching for Stockton Ports : RHP Greg Garcia
|
|
Batting: RHB Ricky McMullen
|
0-0: Ball 1-0: Ball 2-0: Ground out 5-3 (Groundball, 56, EV 98.8 MPH)
|
|
Batting: RHB Michael Parker
|
0-0: Fly out, F7 (Flyball, 7LM, EV 88.1 MPH)
|
|
Batting: LHB Dale Weaver
|
0-0: Called Strike 0-1: Ball 1-1: Swinging Strike 1-2: SINGLE (Line Drive, 7S, EV 91.9 MPH)
|
|
Batting: RHB Timothy Wallace
|
0-0: Called Strike 0-1: Swinging Strike 0-2: Ball 1-2: Ground out 6-3 (Groundball, 6M, EV 100.6 MPH)
|
| Bottom of the 6th over - 0 runs, 1 hit, 0 errors, 1 left on base; Stockton 2 - San Jose 0 |
| TOP OF THE 7TH |
|
Stockton Ports batting - Pitching for San Jose Bees : RHP Tim Crews
|
|
Batting: SHB Jose Mercado
|
0-0: Ground out U3 (Groundball, 34S, EV 94.4 MPH)
|
|
Batting: LHB Randy Guerra
|
0-0: Fly out, F8 (Flyball, 78S, EV 91.3 MPH)
|
|
Batting: RHB Timothy Presko
|
0-0: Ball 1-0: Ball 2-0: Foul Ball, location: 2F 2-1: Ball 3-1: SINGLE (Flyball, 4D, EV 81.9 MPH)
|
|
Batting: RHB Steven Roeder
|
0-0: Called Strike Timothy Presko steals 2nd base 0-1: Swinging Strike 0-2: Strikes out swinging
|
| Top of the 7th over - 0 runs, 1 hit, 0 errors, 1 left on base; Stockton 2 - San Jose 0 |
| BOTTOM OF THE 7TH |
|
San Jose Bees batting - Pitching for Stockton Ports : RHP Greg Garcia
|
|
Batting: RHB David Hoyt
|
0-0: Ball 1-0: Ball 2-0: Foul Ball, location: 2F 2-1: DOUBLE (Flyball, 89XD, EV 99.4 MPH)
|
|
Batting: RHB Bill Pinkham
|
0-0: Called Strike 0-1: Ball 1-1: Called Strike 1-2: Strikes out swinging
|
|
Batting: RHB Anthony Laurenzi
|
0-0: Foul Ball, location: 2F 0-1: Ball 1-1: Ball 2-1: Ball 3-1: Base on Balls
|
|
Pinch Hitting: RHB Ray Torres
|
0-0: Foul Ball, location: 2F 0-1: Ball 1-1: Ball 2-1: SINGLE (Groundball, 4MS, EV 68.1 MPH) (infield hit) David Hoyt to third Anthony Laurenzi to second
|
|
Batting: LHB Stanley Davis
|
0-0: Called Strike 0-1: Ball 1-1: Ball 2-1: Grounds into double play, 5-2-3 (Groundball, 56, EV 85.6 MPH)
|
| Bottom of the 7th over - 0 runs, 2 hits, 0 errors, 2 left on base; Stockton 2 - San Jose 0 |
| TOP OF THE 8TH |
|
Stockton Ports batting - Pitching for San Jose Bees : RHP Tim Crews
|
|
Now at 3B: Rod Booker
|
|
|
Batting: SHB Mike Hennessy
|
0-0: Called Strike 0-1: Ball 1-1: Ball 2-1: Swinging Strike 2-2: Ball 3-2: Fly out, F8 (Flyball, 78M, EV 74.4 MPH)
|
|
Batting: LHB Daniel Hoskins
|
0-0: Called Strike 0-1: Foul Ball, location: 2F 0-2: Foul Ball, location: 2F 0-2: Ball 1-2: Strikes out swinging
|
|
Batting: RHB Pasquale Raimondo
|
0-0: Ball 1-0: Foul Ball, location: 2F 1-1: Fly out, F5 (Popup, 5DF, EV 61.9 MPH)
|
| Top of the 8th over - 0 runs, 0 hits, 0 errors, 0 left on base; Stockton 2 - San Jose 0 |
| BOTTOM OF THE 8TH |
|
San Jose Bees batting - Pitching for Stockton Ports : RHP Greg Garcia
|
|
Batting: RHB Ricky McMullen
|
0-0: Foul Ball, location: 2F 0-1: Ball 1-1: Ball 2-1: Swinging Strike 2-2: Ball 3-2: Base on Balls
|
|
Batting: RHB Michael Parker
|
0-0: SINGLE (Line Drive, 78M, EV 93.8 MPH) Ricky McMullen to second
|
|
Batting: LHB Dale Weaver
|
0-0: SINGLE (Groundball, 34D, EV 104.4 MPH) Ricky McMullen to third Michael Parker to second Runner from 3rd tries for Home, SAFE, throw by RF to home
|
|
Batting: RHB Timothy Wallace
|
0-0: Foul Ball, location: 2F 0-1: Ball 1-1: Fly out, F8 (Flyball, 8RS, EV 73.8 MPH)
|
|
Batting: RHB David Hoyt
|
0-0: Ball 1-0: Called Strike 1-1: Ball 2-1: Foul Ball, location: 2F 2-2: Ball 3-2: Foul Ball, location: 2F 3-2: Foul Ball, location: 2F 3-2: Base on Balls Michael Parker to third Dale Weaver to second
|
|
Batting: RHB Bill Pinkham
|
0-0: Foul Ball, location: 2F 0-1: Ball 1-1: Ball 2-1: Ball 3-1: Base on Balls Michael Parker scores Dale Weaver to third David Hoyt to second
|
|
Pitching: RHP Richard Cooper
|
|
|
Batting: RHB Anthony Laurenzi
|
0-0: Called Strike 0-1: Ball 1-1: Foul Ball, location: 2F 1-2: Ball 2-2: Foul Ball, location: 2F 2-2: Ball 3-2: DOUBLE (Line Drive, 9LD, EV 110.6 MPH) Dale Weaver scores David Hoyt scores Bill Pinkham to third
|
|
Batting: LHB Rod Booker
|
0-0: Ball 1-0: Ball 2-0: Swinging Strike 2-1: Fly out, F9 (Flyball, 9LM, EV 85.6 MPH) Runner from 3rd tags up, SCORES, throw by RF Anthony Laurenzi to third
|
|
Batting: LHB Stanley Davis
|
0-0: Intentional Walk
|
|
Batting: RHB Ricky McMullen
|
0-0: Ball 1-0: DOUBLE (Groundball, 3L, EV 103.1 MPH) Anthony Laurenzi scores Stanley Davis to third Runner from 3rd tries for Home, SAFE, throw by RF to trailing runner, SAFE at third!
|
|
Batting: RHB Michael Parker
|
0-0: Ball 1-0: Called Strike 1-1: Ground out 4-3 (Groundball, 4M, EV 98.8 MPH)
|
| Bottom of the 8th over - 7 runs, 4 hits, 0 errors, 1 left on base; Stockton 2 - San Jose 7 |
| TOP OF THE 9TH |
|
Stockton Ports batting - Pitching for San Jose Bees : RHP Tim Crews
|
|
Batting: SHB Tracy Edwards
|
0-0: Ground out 4-3 (Groundball, 4, EV 106.9 MPH)
|
|
Batting: RHB Johnny Salery
|
0-0: Swinging Strike 0-1: Ball 1-1: Foul Ball, location: 2F 1-2: Ball 2-2: Foul Ball, location: 2F 2-2: Ball 3-2: Fly out, F7 (Flyball, 78M, EV 93.1 MPH)
|
|
Batting: SHB Jose Mercado
|
0-0: Ball 1-0: Called Strike 1-1: Ball 2-1: Called Strike 2-2: Ball 3-2: Ground out 6-3 (Groundball, 6, EV 106.9 MPH)
|
| Top of the 9th over - 0 runs, 0 hits, 0 errors, 0 left on base; Stockton 2 - San Jose 7 |
|